 Dungeon Crawl Stone Soup version 0.18-a0-1060-g4fac74f (webtiles) character file.

51 namelastname112 the Magician (level 3, -1/28 HPs)
             Began as a Draconian Wizard on Jan 13, 2016.
             Slain by an adder (5 damage)
             ... on level 2 of the Dungeon.
             The game lasted 00:02:51 (1780 turns).

namelastname112 the Magician (Draconian Wizard)     Turns: 1780, Time: 00:02:51

Health: -1/28      AC:  5    Str:  9    XL:     3   Next: 58%
Magic:  0/7        EV: 12    Int: 18    God:
Gold:   54         SH:  2    Dex: 10    Spells: 1 memorised, 7 levels left

rFire  . . .     SeeInvis .     m - +0 dagger
rCold  . . .     Gourm    .     (armour unavailable)
rNeg   + . .     Faith    .     (no shield)
rPois  .         Spirit   .     a - +0 hat
rElec  .         Dismiss  .     (no cloak)
rCorr  .         Reflect  +     (no gloves)
SustAt .         Harm     .     (no boots)
MR     .....                    k - +2 amulet of reflection
Stlth  ++........               (no ring)
                                l - ring of positive energy

@: lethally poisoned (-1 -> -6), flying, invisible, not resistant to hostile
enchantments, unstealthy
A: unfitting armour, cold-blooded, AC +5
a: no special abilities


You were on level 2 of the Dungeon.
You were hungry.

You visited 1 branch of the dungeon, and saw 2 of its levels.

You collected 54 gold pieces.

Inventory:

Hand Weapons
 m - a +0 dagger (weapon)
Armour
 a - a +0 hat (worn)
 h - a cursed +0 buckler
Jewellery
 k - a +2 amulet of reflection (around neck)
 l - a ring of positive energy (left hand)
Scrolls
 d - 2 scrolls of remove curse {unknown}
 e - a scroll of recharging {unknown}
 f - a scroll of immolation {unknown}
 j - a scroll of blinking {unknown}
 o - a scroll of enchant armour {unknown}
 p - 2 scrolls of fog {unknown}
Books
 b - a book of Minor Magic

   Spells                             Type                      Level
   a - Magic Dart                     Conjuration                  1
   b - Blink                          Translocation                2
   c - Call Imp                       Summoning                    2
   d - Repel Missiles                 Charms/Air                   2
   e - Slow                           Hexes                        2
   f - Conjure Flame                  Conjuration/Fire             3
   g - Mephitic Cloud                 Conjuration/Poison/Air       3
Comestibles
 c - a bread ration
 i - a meat ration
 r - 4 fruits


   Skills:
 + Level 1.3 Fighting
 * Level 1.7 Short Blades
 + Level 2.1 Dodging
 * Level 2.6 Stealth
 - Level 3.0 Spellcasting
 - Level 1.0 Conjurations
   Level 1.0 Summonings
   Level 1.0 Translocations


You had 7 spell levels left.
You knew the following spells:

 Your Spells              Type           Power        Failure   Level  Hunger
z - Magic Dart            Conj           #...         12%         1    None


Dungeon Overview and Level Annotations

Branches:
Dungeon (2/15)

Altars:


Innate Abilities, Weirdness & Mutations

Your plain brown scales are hard (AC +5).
Your body does not fit into most forms of armour.
You are cold-blooded and may be slowed by cold attacks.


Message History

* * * LOW HITPOINT WARNING * * *
Casting: Magic Dart
Confirm with . or Enter, or press ? or * to list all spells.
Aiming: Magic Dart
Press: ? - help, Shift-Dir - straight line, f/p - adder
Aim: an adder (severely wounded)
The magic dart hits the adder.
The adder is severely wounded.
The adder closely misses you.
Drink which item? (? for menu, Esc to quit)
It was a potion of flight.
You feel very buoyant.
You fly up into the air.
* * * LOW HITPOINT WARNING * * *
You feel sick. The adder barely misses you.
Drink which item? (? for menu, Esc to quit)
It was a potion of invisibility.
You fade into invisibility!
The adder bites you.
You die...

#### #.# #.# ###.####
...## #.# ##.## #†#..##
....# #.#
##.#.####...... ##..#
#.# #.###...####.##
#..# #.# ##.#.##.# #.#
#..# #.# ##.###.# #.#
#..# #.##### ### #.#
#.# ##..# #.....# #.#
#.## #...#### #####@#
#.# #... #.#.##..
......S.# #.# ###.
#.#.##.# ######### #.#
#. #.#.##.# ####.# #.
....##.# ##....# #.
.#..##.# ##.###.## #.
..†###.# #.## ##.# #.
#.####[##### #.# #.# #.
#..........#########.##
##.# #.


You could see an adder.

Vanquished Creatures
  2 adders (D:2)
  3 bats
  3 giant cockroaches
  5 hobgoblins
  2 jackals (D:2)
  3 quokkas
  A giant newt (D:2)
  A goblin (D:2)
  5 kobolds
  8 rats
33 creatures vanquished.

Notes
Turn   | Place    | Note
--------------------------------------------------------------
     0 | D:1      | namelastname112 the Draconian Wizard began the quest for the Orb.
     0 | D:1      | Reached XP level 1. HP: 14/14 MP: 4/4
   616 | D:1      | Reached XP level 2. HP: 19/22 MP: 0/6
   982 | D:2      | Reached skill level 1 in Fighting
  1271 | D:2      | Reached skill level 1 in Short Blades
  1363 | D:2      | Reached XP level 3. HP: 28/28 MP: 4/7
  1780 | D:2      | Slain by an adder

Vault maps used:
D:1:      minmay_arrival_semitransparent, minmay_misc_feat_enclosed,
          minmay_misc_feat_columns
D:2:      st_stairs_1, minmay_misc_feat_hallway

Action                   || total
-------------------------++-------
Melee: Unarmed           ||    44
       Dagger            ||    55
 Cast: Magic Dart        ||    72
  Use: Potion            ||     2
 Stab: Sleeping          ||     2
  Eat: Chunk             ||     2
